 Dungeon Crawl Stone Soup version 0.21.1-1-g345015f (webtiles) character file.

1628 nicolaieve the Cleaver (level 8, -1/96 HPs)
             Began as a Minotaur Berserker on July 16, 2018.
             Was an Elder of Trog.
             Slain by a troll zombie (10 damage)
             ... in an ossuary.
             The game lasted 00:16:49 (4071 turns).

nicolaieve the Cleaver (Minotaur Berserker)         Turns: 4071, Time: 00:16:51

Health: -1/96      AC:  6    Str: 30    XL:     8   Next: 65%
Magic:  7/7        EV: 11    Int:  4    God:    Trog [****..]
Gold:   313        SH:  0    Dex:  9    Spells: 7/7 levels left

rFire    . . .     SeeInvis .   B - +0 war axe (drain)
rCold    . . .     Gourm    .   (no shield)
rNeg     + . .     Faith    .   e - +0 scale mail
rPois    .         Spirit   .   (helmet restricted)
rElec    .         Reflect  .   (no cloak)
rCorr    +         Harm     +   (no gloves)
MR       ++...                  (no boots)
Stlth    ..........             s - amulet of harm
HPRegen  1.26/turn              j - ring of positive energy
MPRegen  0.10/turn              t - ring of resist corrosion

@: berserking, regenerating, very quick
A: retaliatory headbutt, horns 2
a: Berserk, Trog's Hand, Brothers in Arms, Burn Spellbooks, Renounce Religion


You were in an ossuary.
You worshipped Trog.
Trog was greatly pleased with you.
You were near starving.

You visited 1 branch of the dungeon, and saw 6 of its levels.
You also visited: Ossuary.

You collected 313 gold pieces.

Inventory:

Hand Weapons
 B - a +0 war axe of draining (weapon)
 H - a +0 whip of venom
Armour
 e - a +0 scale mail (worn)
Jewellery
 j - a ring of positive energy (left hand)
 q - an uncursed ring of protection from cold
 s - an amulet of harm (around neck)
 t - a ring of resist corrosion (right hand)
 y - a +3 ring of dexterity
Wands
 l - a wand of acid (10)
 w - a wand of iceblast (4)
Scrolls
 b - 3 scrolls of blinking {unknown}
 f - 7 scrolls of teleportation
 g - 2 scrolls of magic mapping {unknown}
 i - 4 scrolls of remove curse
 k - a scroll of random uselessness {unknown}
 n - 3 scrolls of amnesia {unknown}
 o - 4 scrolls of enchant armour {unknown}
 r - 2 scrolls of fear {unknown}
 v - 2 scrolls of enchant weapon {unknown}
 E - a scroll of brand weapon {unknown}
 G - 3 scrolls of immolation {unknown}
Potions
 a - a potion of ambrosia {unknown}
 d - a potion of flight
 h - 2 potions of resistance
 m - 3 potions of lignification
 p - a potion of haste {unknown}
 u - 2 potions of heal wounds
 x - a potion of invisibility {unknown}
 z - a potion of magic {unknown}
 C - 2 potions of mutation {unknown}
 F - a potion of cancellation {unknown}
Comestibles
 c - 7 rations


   Skills:
 - Level 3.6 Fighting
 + Level 13.1 Axes
 - Level 2.4 Armour
 - Level 2.1 Dodging


You had 7 spell levels left.
You didn't know any spells.

Dungeon Overview and Level Annotations

Branches:
Dungeon (6/15)             Temple (0/1) D:4

Altars:
Cheibriados
Makhleb
Uskayaw
Xom
Yredelemnul
Zin


Innate Abilities, Weirdness & Mutations

You reflexively headbutt those who attack you in melee.
You have a pair of horns on your head.


Message History

You see here a scroll of identify.
You completely miss the troll zombie. The troll zombie completely misses you.
The troll zombie claws you. The troll zombie claws you!
* * * LOW HITPOINT WARNING * * *
You hit the troll zombie. You headbutt the troll zombie!
The troll zombie is lightly damaged.
A red film seems to cover your vision as you go berserk!
You feel yourself moving faster!
You feel mighty!
You are near starving!
The troll zombie bites you but does no damage.
The troll zombie closely misses you. The troll zombie claws you.
* * * LOW HITPOINT WARNING * * *
You hit the troll zombie.
The troll zombie is moderately damaged.
The troll zombie bites you!
* * * LOW HITPOINT WARNING * * *
The troll zombie claws you.
* * * LOW HITPOINT WARNING * * *
The troll zombie claws you!
You die...

#....#....#....###..#
.#....#....#....# #..#
......#........ #..#
......#......#### +..#
................###..#
...........'....#.#..#
.....!!!........'.#..#
....??$Z?.......#.'..#
##..?$∩$@Z.########..#
....?!$!!....... #..#
.....!?!........ #..#
................# +..#
................# #..#
......#......#### #..#
......#....... #..#
#....#....#...


You could see an ogre zombie and a troll zombie.

Vanquished Creatures
  Sigmund (D:4)
  Menkaure (D:6)
  Duvessa (D:6)
  2 sky beasts (D:6)
  A centaur (D:2)
  A bullfrog (D:5)
  Dowan (D:6)
  A scorpion (D:5)
  4 jellies
  A crimson imp (D:6)
  A centaur zombie (Ossuary)
  3 orc priests
  2 bullfrog skeletons
  3 orc wizards
  A worker ant (D:6)
  7 mummies
  A howler monkey zombie (D:5)
  5 adders
  4 gnolls (D:2)
  9 oozes
  2 adder zombies
  2 worms (D:2)
  2 dart slugs (D:1)
  4 leopard geckos
  17 orcs
  2 ball pythons
  3 bats
  5 giant cockroaches
  4 hobgoblins
  7 jackals
  13 kobolds
  6 quokkas
  2 frilled lizards
  10 goblins
  A hobgoblin zombie (D:6)
  A kobold zombie (Ossuary)
  7 rats
138 creatures vanquished.

Vanquished Creatures (others)
  10 toadstools (D:3)
10 creatures vanquished.

Grand Total: 148 creatures vanquished

Notes
Turn   | Place    | Note
-------+----------+-------------------------------------------
     0 | D:1      | nicolaieve the Minotaur Berserker began the quest for the Orb.
     0 | D:1      | Reached XP level 1. HP: 19/19 MP: 0/0
    28 | D:1      | Reached skill level 4 in Axes
    70 | D:1      | Reached XP level 2. HP: 22/26 MP: 1/1
   322 | D:1      | Reached ** piety under Trog
   386 | D:1      | Reached skill level 5 in Axes
   500 | D:1      | Reached XP level 3. HP: 31/31 MP: 2/2
   731 | D:2      | Reached skill level 6 in Axes
   731 | D:2      | Reached XP level 4. HP: 25/39 MP: 3/3
  1018 | D:2      | Noticed a centaur
  1027 | D:2      | Killed a centaur
  1027 | D:2      | Reached skill level 7 in Axes
  1027 | D:2      | Reached XP level 5. HP: 29/45 MP: 4/4
  1460 | D:3      | Reached skill level 8 in Axes
  1468 | D:3      | Reached XP level 6. HP: 25/51 MP: 5/5
  1533 | D:3      | Reached *** piety under Trog
  1788 | D:3      | Reached skill level 9 in Axes
  2056 | D:3      | Found a shimmering altar of Xom.
  2210 | D:4      | Found a burning altar of Makhleb.
  2210 | D:4      | Found a snail-covered altar of Cheibriados.
  2219 | D:4      | Found a hide-covered altar of Uskayaw.
  2219 | D:4      | Found a basalt altar of Yredelemnul.
  2342 | D:4      | Noticed Sigmund
  2349 | D:4      | Killed Sigmund
  2349 | D:4      | Reached XP level 7. HP: 57/57 MP: 6/6
  2732 | D:4      | Found a staircase to the Ecumenical Temple.
  2889 | D:5      | Entered Level 5 of the Dungeon
  2905 | D:5      | Reached skill level 10 in Axes
  3005 | D:5      | Found a glowing silver altar of Zin.
  3086 | D:5      | Reached **** piety under Trog
  3291 | D:5      | Reached skill level 11 in Axes
  3699 | D:6      | Noticed Duvessa
  3699 | D:6      | Noticed Dowan
  3702 | D:6      | Killed Duvessa
  3702 | D:6      | Reached XP level 8. HP: 64/64 MP: 7/7
  3707 | D:6      | Killed Dowan
  3834 | D:6      | Reached skill level 12 in Axes
  3876 | D:6      | Got a glittering wooden ring
  3878 | D:6      | Identified the ring of Heydalu {Int+7 Stlth-} (You found it on level 6 of the Dungeon)
  3886 | D:6      | Noticed Menkaure
  3891 | D:6      | Killed Menkaure
  4006 | D:6      | Found a sand-covered staircase.
  4014 | Ossuary  | Entered an ossuary
  4056 | Ossuary  | Reached skill level 13 in Axes
  4064 | Ossuary  | Reached ***** piety under Trog
  4071 | Ossuary  | Slain by a troll zombie

Skill      XL: |  1  2  3  4  5  6  7  8 |
---------------+-------------------------+-----
Axes           | 4 5 6 7 8 9 11 13 | 13.1
Fighting       | |  3.6
Armour         | |  2.4
Dodging        | |  2.1

Action                   |  1- 3 |  4- 6 |  7- 9 || total
-------------------------+-------+-------+-------++-------
Melee: Hand axe          |    64 |   111 |    29 ||   204
       Headbutt          |    15 |    19 |    17 ||    51
       War axe           |       |       |    74 ||    74
Invok: Berserk           |     1 |     2 |     4 ||     7
       Trog's Hand       |       |     1 |     1 ||     2
       Burn Spellbooks   |       |     1 |       ||     1
  Use: Scroll            |       |     6 |     1 ||     7
  Eat: Chunk             |       |     7 |     8 ||    15
Armor: Scale mail        |    22 |    49 |    32 ||   103
Dodge: Dodged            |    35 |    52 |    51 ||   138
